 Dungeon Crawl Stone Soup version 0.29.1-15-g9cfb28693d (webtiles) character file.

Game seed: 12703956242840794306

781 Heoruswealwe the Magician (level 7, 0/36 HPs)
             Began as a Deep Elf Earth Elementalist on Mar 17, 2023.
             Was an Initiate of Vehumet.
             Slain by a gnoll
             ... wielding a +0 halberd
             ... led by a gnoll bouda
              (4 damage)
             ... on level 5 of the Dungeon.
             The game lasted 00:39:40 (2793 turns).

Heoruswealwe the Magician (DEEE)                    Turns: 2793, Time: 00:39:41

Health: 0/36       AC:  6    Str:  5    XL:     7   Next: 55%
Magic:  9/19       EV: 12    Int: 22    God:    Vehumet [......]
Gold:   225        SH:  0    Dex: 15    Spells: 10/20 levels left

rFire   + . .      SeeInvis +   a - +2 spear (freeze)
rCold   . . .      Faith    .   (no shield)
rNeg    . . .      Spirit   .   b - +0 robe
rPois   .          Reflect  .   d - +0 helmet
rElec   .          Harm     .   (no cloak)
rCorr   .          Rampage  .   (no gloves)
Will    .....                   c - +2 pair of boots
Stlth   ++........              (no amulet)
HPRegen 0.12/turn               e - ring of see invisible
MPRegen 0.16/turn               p - ring of protection from fire

@: no status effects
A: no striking features
a: Renounce Religion


You were on level 5 of the Dungeon.
You worshipped Vehumet.
Vehumet was noncommittal.
You visited 2 branches of the dungeon, and saw 7 of its levels.

You collected 225 gold pieces.

Inventory:

Hand Weapons
 a - a +2 spear of freezing (weapon)
Armour
 b - a +0 robe (worn)
 c - a +2 pair of boots (worn)
 d - a +0 helmet (worn)
Jewellery
 e - a ring of see invisible (left hand)
 p - a ring of protection from fire (right hand)
Scrolls
 j - a scroll of enchant armour
 m - a scroll of amnesia
 o - a scroll of magic mapping
Potions
 f - a potion of might
 g - a potion of invisibility
 h - a potion of ambrosia {unknown}
 i - 2 potions of attraction {unknown}
 k - a potion of mutation
 l - a potion of curing
 n - a potion of magic


   Skills:
 - Level 2.4 Dodging
 - Level 2.4 Stealth
 + Level 7.4 Spellcasting
 + Level 3.5 Conjurations
 + Level 4.1 Transmutations
 * Level 5.6 Earth Magic


You had 10 spell levels left.
You knew the following spells:

 Your Spells              Type           Power      Damage    Failure   Level
a - Sandblast             Erth           66%        2d15      1%          1
b - Passwall              Tmut/Erth      24%        N/A       1%          2
c - Stone Arrow           Conj/Erth      56%        3d10      3%          3
d - Petrify               Tmut/Erth      29%        N/A       11%         4

Your spell library contained the following spells:

 Spells                   Type           Power      Damage    Failure   Level
 Beastly Appendage        Tmut           52%        N/A       1%          1
 Wereblood                Tmut           26%        N/A       2%          2
 Spider Form              Tmut/Pois      17%        N/A       10%         3
 Ensorcelled Hibernation  Hex/Ice        16%        N/A       12%         2
 Swiftness                Air            8%         N/A       24%         3
 Corpse Rot               Necr/Pois/Air  8%         N/A       61%         4
 Dispel Undead            Necr           8%         3d8       61%         4
 Death Channel            Necr           4%         N/A       100%        6


Dungeon Overview and Level Annotations

Branches:
Dungeon (6/15)             Temple (1/1) D:4

Altars:
Dithmenos
Elyvilon
Fedhas
Gozag
Hepliaklqana
Makhleb
Nemelex Xobeh
Okawaru
Qazlal
Ru
Sif Muna
Trog
Vehumet
Yredelemnul
The Shining One


Message History

The blast of sand hits the jelly!!
You kill the jelly!
Vehumet accepts your kill.
Casting: Sandblast (safe; 1% risk of failure)
Confirm with . or Enter, or press ? or * to list all spells.
You can't see any susceptible monsters within range! (Use Z to cast anyway.)
Casting: Sandblast (safe; 1% risk of failure)
Confirm with . or Enter, or press ? or * to list all spells.
Aiming: Sandblast (safe; 1% risk of failure)
Press: ? - help, Shift-Dir - straight line, f - gnoll
Aim: a gnoll, wielding a +0 halberd and wearing a +0 robe (86% to hit)
The blast of sand hits the gnoll but does no damage.
Casting: Sandblast (safe; 1% risk of failure)
Confirm with . or Enter, or press ? or * to list all spells.
Aiming: Sandblast (safe; 1% risk of failure)
Press: ? - help, Shift-Dir - straight line, f/p - gnoll
Aim: a gnoll, wielding a +0 halberd and wearing a +0 robe (86% to hit)
The blast of sand hits the gnoll but does no damage.
A hound comes into view.
The gnoll hits you from afar with a +0 halberd!
* * * LOW HITPOINT WARNING * * *
The hound moves out of view.
Casting: Sandblast (safe; 1% risk of failure)
Confirm with . or Enter, or press ? or * to list all spells.
Aiming: Sandblast (safe; 1% risk of failure)
Press: ? - help, Shift-Dir - straight line, f/p - gnoll
Aim: a gnoll, wielding a +0 halberd and wearing a +0 robe (86% to hit)
The blast of sand hits the gnoll!
The gnoll is severely wounded.
The gnoll barely misses you.
Casting: Sandblast (safe; 1% risk of failure)
Confirm with . or Enter, or press ? or * to list all spells.
Aiming: Sandblast (safe; 1% risk of failure)
Press: ? - help, Shift-Dir - straight line, f/p - gnoll
Aim: a gnoll, wielding a +0 halberd and wearing a +0 robe (severely wounded, 86% to hit)
The blast of sand hits the gnoll!
The gnoll is heavily wounded.
The gnoll hits you but does no damage. The gnoll closely misses you.
The gnoll hits you from afar with a +0 halberd.
You die...

## <...... #..
....... #..#
##).....#
#...###.......#
#.#......>.....#
##. #......# ..
#..###....# ..#
####........## ..#
#.......@gg.####.#
#..#....###.....##
#........##g5...#
#.....##..##Y##..#
##...##....#.# .
#.##...#._...###
#.....##....#
#..#...##..##
#######.....##


You could see 2 gnolls.

Vanquished Creatures
  Grinder (D:4)
  A black bear (D:4)
  An ogre (D:5)
  A phantom (D:5)
  A kobold brigand (D:6)
  A jelly (D:5)
  3 hounds
  An iguana (D:6)
  2 gnolls
  2 adders
  4 worms
  4 dart slugs
  3 orcs (D:3)
  6 endoplasms
  4 giant cockroaches
  2 goblins
  8 hobgoblins
  2 jackals (D:1)
  14 kobolds
  3 quokkas
  4 ball pythons
  4 bats
  A frilled lizard (D:3)
  4 rats
  A bush (D:4)
78 creatures vanquished.

Vanquished Creatures (others)
  11 plants (D:4)
11 creatures vanquished.

Grand Total: 89 creatures vanquished

Notes
Turn   | Place    | Note
-------+----------+-------------------------------------------
     0 | D:1      | Heoruswealwe the Deep Elf Earth Elementalist began the
                  | quest for the Orb.
     0 | D:1      | Reached XP level 1. HP: 10/10 MP: 6/6
    70 | D:1      | Reached XP level 2. HP: 4/15 MP: 3/8
   132 | D:1      | Learned a level 2 spell: Passwall
   232 | D:1      | Reached skill level 4 in Spellcasting
   502 | D:1      | Reached XP level 3. HP: 19/19 MP: 8/10
   671 | D:1      | Learned a level 3 spell: Stone Arrow
  1088 | D:2      | Reached XP level 4. HP: 24/24 MP: 10/12
  1100 | D:2      | Found a faded altar of an unknown god.
  1149 | D:2      | Prayed at the altar of an unknown god.
  1149 | D:2      | Became a worshipper of Elyvilon the Healer
  1149 | D:2      | Reached * piety under Elyvilon
  1491 | D:2      | Learned a level 4 spell: Petrify
  1613 | D:3      | Fell from the grace of Elyvilon
  1645 | D:3      | Reached skill level 1 in Conjurations
  1734 | D:3      | Reached skill level 5 in Spellcasting
  1935 | D:4      | Noticed Grinder
  1945 | D:4      | Killed Grinder
  1946 | D:4      | Reached skill level 6 in Spellcasting
  1946 | D:4      | Reached XP level 5. HP: 28/28 MP: 6/15
  1946 | D:4      | Reached XP level 6. HP: 32/32 MP: 6/17
  1960 | D:4      | Found a staircase to the Ecumenical Temple.
  2078 | Temple   | Entered the Ecumenical Temple
  2103 | Temple   | Became a worshipper of Vehumet
  2570 | D:4      | You fall into a shaft and drop 2 floors!
  2594 | D:6      | Reached skill level 7 in Spellcasting
  2594 | D:6      | Reached skill level 5 in Earth Magic
  2594 | D:6      | Reached XP level 7. HP: 24/36 MP: 11/19
  2683 | D:5      | Entered Level 5 of the Dungeon
  2726 | D:5      | Found a shadowy altar of Dithmenos.
  2793 | D:5      | Slain by a gnoll

Illustrated notes

Levels and vault maps discovered:
D:1:      lemuel_arrival_tunnels, layout_basic
D:2:      layout_loops_ring, hellmonk_ecumenical_altar_heavens_door
D:3:      layout_rooms, grunt_decor_resistance
D:4:      layout_rooms, minmay_temple_entry_slanted, serial_forest,
          infiniplex_forest_split, infiniplex_forest_end_2,
          infiniplex_forest_clump_medium, infiniplex_forest_lined_3,
          infiniplex_forest_lined_2, infiniplex_forest_fountain,
          infiniplex_forest_zigzag_1, infiniplex_forest_end_2,
          chequers_serial_rivers_small_a, dreamdust_wishing_well, uniq_grinder
D:5:      layout_layer_cave, nicolae_dithmenos_through_a_glass_darkly,
          uniq_eustachio
D:6:      layout_basic, general_overflow_altar, slow_altar_2, uniq_maggie,
          uniq_pikel
Temple:   nicolae_temple_god_jail

Skill      XL: |  1  2  3  4  5  6  7 |
---------------+----------------------+-----
Spellcasting   | 4 6 7 |  7.4
Transmutations | 2 3 4 |  4.1
Conjurations   | 2 3 |  3.5
Earth Magic    | 4 5 |  5.6
Dodging        | |  2.4
Stealth        | |  2.4

Action                   |  1- 3 |  4- 6 |  7- 9 || total
-------------------------+-------+-------+-------++-------
Melee: Spear             |     1 |   127 |       ||   128
       Punch             |       |     3 |       ||     3
 Cast: Sandblast         |    52 |    60 |    22 ||   134
       Passwall          |     2 |     2 |     1 ||     5
Invok: Renounce Religion |       |     1 |       ||     1
  Use: Scroll            |       |    11 |       ||    11
Armor: Robe              |     2 |     6 |     2 ||    10
Dodge: Dodged            |    10 |    11 |    14 ||    35
